Map: Gresvan LE

Players

SLIPJIPDUHHH

  • Race: Terran Terran
  • League: Master
  • Spawn Location: 11:00

GuruVirus (Guru) - Winner!

  • Race: Zerg Zerg
  • League: Master
  • Spawn Location: 5:00

VOD

Have the link to the VOD?

Description

Time

  • Played on: May 24, 2023, 2:22 p.m.
  • Length: 14:46
Show
View Real Time Build Order
Export as new Build Order

SLIPJIPDUHHH Terran 

Build Orders: Hellion Opening, Reaper Expand 

Get SALT Encoding   

  12  0:00  SCV  
  13  0:12  SCV  
  14  0:17  Supply Depot  
  14  0:24  SCV  
  15  0:38  SCV  
  15  0:40  Barracks  
  16  0:44  Refinery  
  16  0:50  SCV  
  17  1:03  SCV  
  18  1:15  SCV  
  19  1:27  Reaper, Orbital Command  
  20  1:40  Command Center  
  20  1:50  Supply Depot  
  20  1:53  SCV  
  21  1:59  Marine  
  22  2:09  Factory  
  22  2:13  Bunker  
  21  2:16  SCV  
  21  2:21  Barracks Reactor  
  22  2:28  SCV  
  23  2:40  SCV  
  24  2:49  Command Center  
  24  2:52  SCV  
  29  3:05  Hellion  
  29  3:06  Hellion  
  29  3:11  Orbital Command  
  29  3:20  Starport  
  29  3:24  SCV  
  30  3:29  Hellion  
  32  3:35  Hellion  
  32  3:37  SCV  
  32  3:41  SCV, Barracks Tech Lab  
  35  3:50  Hellion  
  35  3:52  SCV  
  35  3:55  SCV  
  39  3:56  Refinery, Hellion  
  39  4:01  Orbital Command  
  41  4:04  Raven  
  41  4:06  SCV  
  41  4:08  SCV  
  45  4:12  Hellion  
  47  4:18  SCV, Hellion  
  47  4:21  SCV, Supply Depot  
  51  4:30  SCV  
  52  4:33  Refinery, Hellion  
  54  4:39  Hellion  
  54  4:43  SCV  
  54  4:44  SCV x2  
  59  4:46  Supply Depot  
  59  4:53  Liberator  
  59  4:55  Marauder, SCV  
  59  4:58  Widow Mine  
  67  5:01  Concussive Shells  
  67  5:03  Barracks  
  67  5:07  Barracks, SCV  
  66  5:24  SCV x2  
  70  5:31  SCV  
  70  5:33  Engineering Bay  
  70  5:34  Engineering Bay  
  64  5:37  Supply Depot x2, Liberator  
  64  5:39  Factory Tech Lab  
  61  5:55  SCV  
  61  5:57  Bunker  
  51  6:00  Marine x2  
  51  6:02  Siege Tank  
  48  6:24  Stimpack  
  48  6:25  Barracks Reactor  
  47  6:26  Starport Reactor  
  47  6:28  Terran Infantry Weapons Level 1  
  47  6:30  Marine  
  47  6:32  Orbital Command  
  48  6:33  Barracks Reactor  
  48  6:39  SCV  
  50  6:40  SCV  
  50  6:47  Terran Infantry Armor Level 1, Marine  
  50  6:52  SCV  
  50  6:53  SCV  
  53  6:58  SCV  
  54  7:04  SCV  
  54  7:05  SCV  
  54  7:06  Marine  
  57  7:13  SCV  
  58  7:16  Marine  
  58  7:17  Marine x2  
  61  7:23  Supply Depot  
  61  7:24  Supply Depot, Marine, Medivac  
  64  7:31  Siege Tank  
  64  7:32  SCV x2  
  64  7:34  Supply Depot  
  64  7:36  Marine x2  
  68  7:38  Barracks  
  68  7:39  Barracks  
  69  7:44  Supply Depot  
  69  7:45  SCV, Marine x3  
  69  7:49  SCV x2  
  75  7:54  Marine x2  
  75  7:57  SCV  
  78  8:00  Medivac  
  78  8:02  SCV, Marine x3  
  84  8:10  Refinery  
  84  8:12  Marine x2  
  86  8:18  Armory, Supply Depot  
  86  8:20  Marine  
  86  8:22  Missile Turret  
  86  8:23  Marine x2  
  86  8:25  Missile Turret  
  87  8:33  Marine x2  
  86  8:36  Barracks Reactor x2  
  86  8:37  Missile Turret  
  86  8:38  Marine  
  82  8:45  Marine x2  
  87  8:51  Combat Shield, Marine x2  
  87  8:53  Orbital Command  
  87  8:54  Supply Depot  
  85  8:55  Supply Depot  
  85  8:56  Marine  
  82  9:02  Marine  
  82  9:03  Marine  
  82  9:09  Marine x2  
  76  9:14  Marine  
  75  9:20  Marine x2  
  75  9:21  Siege Tank  
  79  9:27  Marine x2, Medivac x2  
  79  9:28  SCV x2  
  87  9:31  Marine, Missile Turret  
  87  9:38  Marine x2  
  61  9:44  Marine  
  61  9:45  Marine  
  63  9:49  Marine  
  64  9:56  Marine x2  
  66  10:02  Marine  
  66  10:03  Marine  
  67  10:07  Marine  
  67  10:14  SCV x2, Marine x2  
  67  10:20  Marine x2  
  65  10:25  Marine  
  66  10:29  SCV x2  
  66  10:32  Marine x2  
  66  10:38  Marine x2  
  66  10:41  SCV  
  66  10:43  Marine  
  66  10:49  Marine x2  
  66  10:52  Widow Mine  
  66  10:53  Widow Mine  
  70  11:01  Supply Depot  
  70  11:05  Marine  
  71  11:19  Marine  
  71  11:20  Medivac  
  71  11:22  Widow Mine x2  
  70  11:31  Marine x4  
  72  11:43  Marine  
  71  11:49  Marine x3  
  73  11:56  Marine  
  73  12:01  Marine  
  34  13:57  Supply Depot  
Show
View Real Time Build Order
Export as new Build Order

GuruVirus Zerg - Winner!

Build Orders: Pool First 

Get SALT Encoding   

  12  0:00  Drone  
  13  0:13  Overlord  
  13  0:17  Drone  
  14  0:31  Drone  
  14  0:32  Drone  
  14  0:35  Drone  
  17  0:46  Spawning Pool  
  17  0:49  Drone  
  17  1:11  Hatchery  
  16  1:13  Drone, Extractor  
  16  1:17  Drone  
  19  1:32  Zergling x4, Queen  
  21  1:40  Overlord  
  21  1:54  Drone  
  22  2:03  Drone  
  23  2:11  Queen  
  23  2:14  Drone  
  26  2:17  Metabolic Boost  
  26  2:23  Queen  
  26  2:24  Drone x2  
  30  2:34  Drone x2  
  33  2:44  Drone  
  33  2:46  Drone  
  33  2:47  Drone x2  
  36  2:53  Overlord  
  36  3:09  Hatchery  
  35  3:17  Drone x2  
  35  3:18  Drone x3  
  40  3:22  Drone x2  
  42  3:27  Drone x2  
  44  3:37  Overlord  
  44  3:41  Roach Warren, Extractor  
  43  3:45  Overlord  
  42  3:50  Drone  
  42  3:51  Drone, Overlord  
  44  4:00  Drone x3  
  44  4:02  Overlord  
  47  4:21  Roach x3  
  47  4:22  Roach x4  
  61  4:25  Roach  
  61  4:29  Roach x3  
  61  4:30  Roach  
  71  4:33  Overlord  
  71  4:36  Overlord  
  71  4:39  Drone x3  
  74  4:47  Drone, Lair  
  74  4:48  Drone x2  
  77  4:56  Zergling x6  
  80  5:04  Queen  
  80  5:05  Drone x2  
  84  5:08  Drone  
  85  5:18  Drone x3  
  85  5:19  Drone  
  85  5:21  Drone, Ravager  
  88  5:22  Drone, Ravager  
  88  5:23  Ravager  
  88  5:25  Queen, Drone  
  88  5:28  Evolution Chamber  
  94  5:30  Drone  
  94  5:31  Drone  
  94  5:35  Drone x2  
  98  5:37  Overlord  
  98  5:43  Overlord  
  98  5:48  Overlord  
  96  5:50  Queen  
  96  5:51  Drone x3  
  96  5:55  Ravager x2  
  96  5:56  Ravager  
  101  5:57  Drone  
  101  5:58  Drone x2  
  101  6:00  Drone x2  
  101  6:01  Queen  
  101  6:02  Queen, Ravager  
  111  6:04  Drone  
  111  6:05  Drone x2  
  111  6:07  Drone  
  111  6:10  Extractor  
  114  6:12  Extractor  
  114  6:15  Zergling x2  
  114  6:16  Zergling x8  
  118  6:21  Zergling x4  
  118  6:25  Hatchery, Queen, Extractor  
  119  6:27  Overlord  
  119  6:28  Extractor  
  119  6:37  Drone x3  
  122  6:41  Overlord  
  122  6:43  Spire  
  122  6:45  Drone  
  122  6:46  Drone x4  
  126  6:47  Drone x4  
  126  6:48  Overlord, Extractor  
  126  6:50  Extractor  
  126  6:53  Overlord  
  128  6:57  Overlord  
  128  6:59  Drone x2  
  130  7:03  Overlord  
  130  7:05  Drone  
  130  7:08  Overlord  
  131  7:09  Spore Crawler, Drone  
  131  7:12  Spore Crawler  
  131  7:13  Drone  
  131  7:15  Spore Crawler  
  130  7:18  Evolution Chamber  
  130  7:19  Baneling Nest  
  130  7:20  Zergling x2  
  130  7:21  Zergling x16  
  137  7:28  Drone, Overlord  
  138  7:32  Overlord  
  138  7:35  Overlord  
  138  7:41  Overlord  
  138  7:54  Mutalisk x6  
  138  7:55  Mutalisk x6  
  162  7:59  Mutalisk  
  164  8:06  Mutalisk  
  164  8:10  Zerg Melee Weapons Level 1  
  164  8:12  Overlord  
  166  8:14  Drone  
  166  8:15  Zerg Flyer Weapons Level 1  
  166  8:17  Overlord  
  167  8:22  Mutalisk x2  
  167  8:25  Zergling x20  
  178  8:34  Zergling x2  
  178  8:35  Zergling x12  
  184  8:44  Mutalisk x4  
  184  8:45  Mutalisk  
  184  8:47  Drone  
  193  8:48  Zergling x2  
  193  8:49  Zergling x4  
  193  8:50  Zergling x2  
  194  8:58  Zergling x2  
  194  8:59  Zergling x8  
  191  9:07  Mutalisk x3  
  191  9:08  Zergling x4  
  187  9:11  Mutalisk  
  187  9:12  Mutalisk  
  187  9:13  Zergling x12  
  187  9:16  Mutalisk  
  193  9:23  Mutalisk x2  
  193  9:25  Zergling x2  
  193  9:30  Zergling x6, Infestation Pit  
  190  9:35  Mutalisk x2  
  190  9:38  Zergling x10  
  171  9:40  Mutalisk  
  171  9:42  Zergling x2  
  171  9:43  Zergling x8  
  179  9:47  Mutalisk  
  179  9:48  Zergling x2  
  179  9:49  Zergling x2  
  179  9:52  Zergling x4  
  179  9:55  Zergling x2  
  179  9:58  Zergling x4  
  178  10:02  Zergling x4  
  177  10:09  Zerg Flyer Armor Level 1  
  177  10:11  Zergling x2  
  177  10:12  Zergling x20  
  181  10:15  Zerg Melee Weapons Level 2  
  181  10:19  Zergling x2  
  168  10:26  Mutalisk x3  
  168  10:28  Mutalisk x2  
  172  10:31  Mutalisk  
  171  10:37  Mutalisk x2  
  171  10:39  Zergling x8  
  176  10:52  Hatchery  
  169  10:58  Mutalisk x5  
  169  11:03  Mutalisk  
  181  11:09  Mutalisk  
  181  11:11  Zergling x8  
  184  11:12  Zergling x8  
  184  11:15  Zergling x4  
  184  11:16  Zergling x2  
  184  11:27  Zergling x2  
  184  11:28  Zergling x22  
  184  11:32  Pneumatized Carapace  
  189  11:57  Mutalisk x4  
  189  11:58  Overseer, Mutalisk  
  189  11:59  Overseer  
  181  12:53  Mutalisk x3  
  170  13:01  Mutalisk x8  
  170  13:02  Mutalisk x6  
  194  13:12  Mutalisk x2  
  198  13:21  Mutalisk  
Tags
 
Add a new tag
Caveats
  • Supply blocks, unpowered buildings, or Contaminate may cause inaccurate times.
  • Supply counts are checked every 10 seconds.